 Dungeon Crawl Stone Soup version 0.24.0-1-gfbc8707 (webtiles) character file.

Game seed: 3644778287713510414, levelgen mode: deterministic

1488 curiousnu the Cleaver (level 8, 0/71 HPs)
             Began as a Minotaur Berserker on Nov 7, 2019.
             Was a Priest of Trog.
             Slain by a hornet (4 damage)
             ... on level 7 of the Dungeon.
             The game lasted 00:21:54 (5635 turns).

curiousnu the Cleaver (Minotaur Berserker)          Turns: 5635, Time: 00:21:55

Health: 0/71       AC: 10    Str: 25    XL:     8   Next: 51%
Magic:  7/7        EV: 11    Int:  4    God:    Trog [***...]
Gold:   239        SH:  3    Dex:  9    Spells: 7/7 levels left

rFire    . . .     SeeInvis .   v - +0 broad axe (flame)
rCold    . . .     Gourm    .   y - +0 buckler
rNeg     . . .     Faith    .   k - +0 ring mail
rPois    .         Spirit   .   (helmet restricted)
rElec    .         Reflect  .   D - +0 cloak
rCorr    .         Harm     .   n - +0 pair of gloves
MR       ++...                  i - +0 pair of boots
Stlth    ..........             (no amulet)
HPRegen  1.21/turn              d - +1 ring of slaying
MPRegen  0.10/turn              (no ring)

@: berserk cooldown, regenerating, slowed, very slow
A: retaliatory headbutt, horns 2
a: Berserk, Trog's Hand, Renounce Religion


You were on level 7 of the Dungeon.
You worshipped Trog.
Trog was most pleased with you.
You were near starving.

You visited 1 branch of the dungeon, and saw 7 of its levels.

You collected 356 gold pieces.
You spent 117 gold pieces at shops.

Inventory:

Hand Weapons
 a - a +0 hand axe
 v - a +0 broad axe of flaming (weapon)
Missiles
 r - 7 javelins (quivered)
Armour
 i - a +0 pair of boots (worn)
 k - a +0 ring mail (worn)
 n - a +0 pair of gloves (worn)
 y - a +0 buckler (worn)
 D - a +0 cloak (worn)
Jewellery
 d - a +1 ring of slaying (left hand)
 l - an uncursed ring of ice
Wands
 A - a wand of random effects (14)
 B - a wand of enslavement (3)
Scrolls
 b - 8 scrolls of identify
 h - 5 scrolls of remove curse {unknown}
 j - a scroll of noise {unknown}
 o - 3 scrolls of blinking {unknown}
 p - a scroll of immolation {unknown}
 q - a scroll of amnesia {unknown}
 s - 3 scrolls of teleportation {unknown}
 t - 4 scrolls of random uselessness {unknown}
 u - 3 scrolls of enchant weapon {unknown}
 w - a scroll of fear {unknown}
 x - a scroll of magic mapping {unknown}
 C - a scroll of fog {unknown}
Potions
 e - a potion of invisibility
 f - 3 potions of might
 g - 2 potions of curing
 m - 4 potions of lignification
 z - a potion of agility
Comestibles
 c - 21 rations


   Skills:
 + Level 6.8 Fighting
 + Level 9.6 Axes
 * Level 7.4 Armour
 - Level 2.1 Dodging


You had 7 spell levels left.
You didn't know any spells.
Your spell library was empty.

Dungeon Overview and Level Annotations

Branches:
Dungeon (7/15)             Temple (0/1) D:4

Altars:
Ashenzari

Shops:
D:6 [


Innate Abilities, Weirdness & Mutations

You reflexively headbutt those who attack you in melee.
You have a pair of horns on your head.


Message History

You feel as though you will be slow longer.
The hornet stings you but does no damage.
You feel the effects of Trog's Hand fading.
You feel sick. The hornet completely misses you.
You feel better. The hornet closely misses you. You block the hornet's attack.
The hornet stings you.
* * * LOW HITPOINT WARNING * * *
You feel as though you will be slow longer.
Your skin crawls.
You feel resistant to hostile enchantments.
You are near starving!
The hornet stings you but does no damage.
The crimson imp blinks!
You block the hornet's attack. The hornet closely misses you.
The hornet stings you!
* * * LOW HITPOINT WARNING * * *
You feel as though you will be slow longer.
The hornet closely misses you. The hornet stings you.
You die...

#######.# #. #.# #.
#.# #.# #. #.# #.# #.
#5# #.# . #.# #.# #
#O# #.# ## ####y####.#
##.
#....@....##########..
#.##...............#>.
# ######.##..........
#..>.#####.... #.####
###.. #.# #.. #.# #..
#.# #.. #.. ...


You could see a hornet, an ogre and a shadow imp.

Vanquished Creatures
  A black bear (D:7)
  An orc warrior (D:6)
  5 ogres
  A bullfrog (D:6)
  A scorpion (D:6)
  2 crimson imps
  3 bullfrog zombies
  A centaur zombie (D:6)
  A hound (D:3)
  2 orc priests
  A bullfrog skeleton (D:7)
  3 orc wizards
  Terence (D:2)
  2 iguanas
  2 worker ants
  A hound skeleton (D:5)
  A howler monkey zombie (D:5)
  9 adders
  An adder zombie (D:5)
  2 adder skeletons
  2 worms
  2 dart slugs
  3 leopard geckos
  17 orcs
  3 ball pythons
  6 giant cockroaches
  7 goblins
  10 hobgoblins
  4 jackals (D:2)
  9 kobolds
  5 quokkas
  11 bats
  5 frilled lizards
  A jackal skeleton (D:5)
  2 leopard gecko skeletons
  11 rats
139 creatures vanquished.

Notes
Turn   | Place    | Note
-------+----------+-------------------------------------------
     0 | D:1      | curiousnu the Minotaur Berserker began the quest for the
                  | Orb.
     0 | D:1      | Reached XP level 1. HP: 19/19 MP: 0/0
   108 | D:1      | Reached skill level 4 in Axes
   108 | D:1      | Reached XP level 2. HP: 25/27 MP: 1/1
   504 | D:1      | Reached ** piety under Trog
   510 | D:1      | Reached XP level 3. HP: 29/33 MP: 2/2
   988 | D:2      | Noticed Terence
   994 | D:2      | Killed Terence
   994 | D:2      | Reached skill level 5 in Axes
   994 | D:2      | Reached XP level 4. HP: 38/41 MP: 3/3
  1867 | D:3      | Reached XP level 5. HP: 40/47 MP: 4/4
  1957 | D:3      | Reached *** piety under Trog
  2503 | D:3      | Found a shattered altar of Ashenzari.
  2780 | D:4      | Found a staircase to the Ecumenical Temple.
  2944 | D:4      | Noticed an ogre
  2955 | D:4      | Killed an ogre
  2955 | D:4      | Reached skill level 6 in Axes
  2955 | D:4      | Reached skill level 5 in Armour
  2955 | D:4      | Reached XP level 6. HP: 34/55 MP: 5/5
  3386 | D:4      | Reached skill level 5 in Fighting
  3504 | D:5      | Entered Level 5 of the Dungeon
  3630 | D:5      | Reached skill level 7 in Axes
  3630 | D:5      | Reached XP level 7. HP: 61/61 MP: 6/6
  4212 | D:5      | Reached skill level 8 in Axes
  5000 | D:6      | Found Foetiep's Antique Armour Emporium.
  5017 | D:6      | Bought a buckler for 117 gold pieces
  5041 | D:6      | Reached XP level 8. HP: 67/70 MP: 7/7
  5154 | D:6      | Reached skill level 9 in Axes
  5545 | D:7      | Reached **** piety under Trog
  5616 | D:7      | Noticed a hornet
  5619 | D:7      | Paralysed by a hornet for 2 turns
  5624 | D:7      | HP: 4/106 [hornet (13)]
  5634 | D:7      | HP: 2/71 [hornet (12)]
  5635 | D:7      | Slain by a hornet

Levels and vault maps discovered:
D:1:      elethiomel_arrival_diamonds, layout_loops_corners
D:2:      minmay_angry_zag, layout_basic, first_ration, uniq_terence
D:3:      layout_basic, cheibrodos_ashenzari_chains
D:4:      minmay_chambers_of_threes, layout_cave_pools,
          minmay_temple_entry_statues_fountains, columned_hall_lemuel
D:5:      layout_basic
D:6:      layout_rooms, serial_shops, shop, kennysheep_big_empty_room,
          minivault_26, nrook_campfire, dk_vineyard_2, minmay_strange_pillars
D:7:      layout_loops_ring, the_bakery

Skill      XL: |  1  2  3  4  5  6  7  8 |
---------------+-------------------------+-----
Axes           | 4 5 6 7 8 9 |  9.6
Fighting       | 4 5 6 |  6.8
Armour         | 3 5 6 7 |  7.4
Dodging        | |  2.1

Action                   |  1- 3 |  4- 6 |  7- 9 || total
-------------------------+-------+-------+-------++-------
Melee: Hand axe          |    61 |   106 |       ||   167
       Headbutt          |    10 |    18 |    11 ||    39
       Broad axe         |       |    32 |    96 ||   128
Invok: Trog's Hand       |       |     4 |     3 ||     7
       Berserk           |       |       |     1 ||     1
  Use: Scroll            |       |     6 |     1 ||     7
       Potion            |       |       |     1 ||     1
  Eat: Chunk             |       |    10 |     3 ||    13
       Ration            |       |       |     1 ||     1
Armor: Animal skin       |    12 |       |       ||    12
       Ring mail         |    22 |    65 |    44 ||   131
Dodge: Dodged            |    54 |   100 |    63 ||   217
Block: Buckler           |       |       |     6 ||     6
